 Dungeon Crawl Stone Soup version 0.30-a0-723-gc1506a1cf0 (webtiles) character file.

Game seed: 9183403580247676778

42 Leeroy the Grasshopper (level 3, -3/31 HPs)
             Began as a Gnoll Warper on Jan 28, 2023.
             Was an Initiate of the Shining One.
             Slain by Jessica
             ... wielding a +2 dagger of freezing
              (6 damage)
             ... on level 2 of the Dungeon.
             The game lasted 00:01:07 (849 turns).

Leeroy the Grasshopper (Gnoll Warper)                Turns: 849, Time: 00:01:08

Health: -3/31      AC:  3    Str: 10    XL:     3   Next: 56%
Magic:  7/9        EV: 13    Int: 12    God:    the Shining One [......]
Gold:   69         SH:  0    Dex: 13    Spells: 10/12 levels left

rFire   + . .      SeeInvis .    a - +0 falchion
rCold   x . .      Faith    .    (no shield)
rNeg    + . .      Spirit   .    b - +0 leather armour
rPois   .          Reflect  .    (no helmet)
rElec   .          Harm     .    (no cloak)
rCorr   .          Rampage  .    (no gloves)
Will    .....                    (no boots)
Stlth   +                        (no amulet)
HPRegen 0.25/turn                g - ring of positive energy
MPRegen 0.11/turn                f - ring of fire

@: on blink cooldown, slowed, glowing, very slow
A: fangs 1, strong nose, distributed training
a: Renounce Religion


You were on level 2 of the Dungeon.
You worshipped the Shining One.
The Shining One was noncommittal.
You visited 1 branch of the dungeon, and saw 2 of its levels.

You collected 69 gold pieces.

Inventory:

Hand Weapons
 a - a +0 falchion (weapon)
Missiles
 d - 7 boomerangs of dispersal (quivered)
 h - 6 poisoned darts
Armour
 b - a +0 leather armour (worn)
Jewellery
 f - a ring of fire (right hand)
 g - a ring of positive energy (left hand)
 p - a +5 ring of evasion
Scrolls
 c - a scroll of blinking
 e - 2 scrolls of identify {unknown}
 i - a scroll of enchant weapon {unknown}
 k - a scroll of fog {unknown}
 l - a scroll of immolation {unknown}
 n - a scroll of poison {unknown}
 o - a scroll of teleportation {unknown}
Potions
 j - a potion of curing {unknown}
 m - a potion of invisibility {unknown}


   Skills:
 + Level 4.5 Fighting
 + Level 0.9 Short Blades
 + Level 4.5 Long Blades
 + Level 0.9 Axes
 + Level 0.9 Maces & Flails
 + Level 0.9 Polearms
 + Level 0.9 Staves
 + Level 0.9 Ranged Weapons
 + Level 2.6 Throwing
 + Level 2.6 Armour
 + Level 4.5 Dodging
 + Level 0.9 Stealth
 + Level 0.9 Shields
 + Level 0.9 Unarmed Combat
 + Level 5.0 Spellcasting
 + Level 0.6 Conjurations
 + Level 0.6 Hexes
 + Level 0.6 Summonings
 + Level 0.6 Necromancy
 + Level 5.4 Translocations
 + Level 0.6 Transmutations
 + Level 0.6 Fire Magic
 + Level 0.6 Ice Magic
 + Level 0.6 Air Magic
 + Level 0.6 Earth Magic
 + Level 0.6 Poison Magic
 + Level 1.0 Invocations
 + Level 0.9 Evocations


You had 10 spell levels left.
You knew the following spells:

 Your Spells              Type           Power      Damage    Failure   Level
a - Blink                 Tloc           32%        N/A       4%          2

Your spell library contained the following spells:

 Spells                   Type           Power      Damage    Failure   Level
 Lesser Beckoning         Tloc           32%        N/A       4%          2
 Teleport Other           Tloc           16%        N/A       9%          3
 Vhi's Electric Charge    Tloc/Air       20%        N/A       22%         3
 Manifold Assault         Tloc           16%        N/A       28%         4
 Borgnjor's Revivificati  Necr           2%         N/A       100%        8
 Necromutation            Tmut/Necr      2%         N/A       100%        8
 Death's Door             Necr           2%         N/A       100%        9


Dungeon Overview and Level Annotations

Branches:
Dungeon (2/15)

Altars:
The Shining One

Annotations:
D:2 Jessica


Innate Abilities, Weirdness & Mutations

You have very sharp teeth.
Your uncanny sense of smell can sniff out nearby items.
Your experience applies equally to all skills.


Message History

Jessica blinks!
This spell is quite dangerous to cast!
Memorise Vhi's Electric Charge, consuming 3 spell levels and leaving 7?
You start memorising the spell.
You continue memorising. x2
Jessica grins evilly.
Jessica points at you and mumbles some strange words.
Your memorisation is interrupted.
You feel yourself slow down.
You hit Jessica. You bite Jessica.
Jessica is heavily wounded.
Jessica hits you with a +2 dagger of freezing.
Jessica freezes you. Jessica closely misses you.
You completely miss Jessica.
Jessica is heavily wounded.
Jessica hits you but does no damage.
Jessica hits you with a +2 dagger of freezing.
Jessica freezes you.
Jessica hits you with a +2 dagger of freezing.
Jessica freezes you.
You hit Jessica but do no damage.
Jessica is heavily wounded.
Jessica hits you with a +2 dagger of freezing.
* * * LOW HITPOINT WARNING * * *
Jessica freezes you.
* * * LOW HITPOINT WARNING * * *
Jessica hits you with a +2 dagger of freezing.
* * * LOW HITPOINT WARNING * * *
Jessica freezes you.
* * * LOW HITPOINT WARNING * * *
You hit Jessica.
Jessica is severely wounded.
Jessica closely misses you. Jessica misses you.
Casting: Blink (safe; 4% risk of failure)
Confirm with . or Enter, or press ? or * to list all spells.
You blink.
Jessica barely misses you. Jessica casts a spell at you.
You feel as though you will be slow longer.
You hit Jessica.
Jessica is almost dead.
Jessica hits you with a +2 dagger of freezing.
You die...

......... .
..........#.#.......
........).#.........
........#.#.......#.
......#..........
#....##......###
+...............
####...............
+..........@.......
###.......#@.......
+#######..._.......?....
..............ยง...#.....
..................#.....
..................# ....
........................
........................
...................###


You could see Jessica (fast).

Vanquished Creatures
  An adder (D:2)
  A bat (D:1)
  3 endoplasms
  2 giant cockroaches (D:1)
  2 goblins (D:2)
  5 hobgoblins (D:1)
  2 quokkas (D:1)
  5 ball pythons
  2 frilled lizards (D:1)
  3 kobolds (D:1)
  3 rats
29 creatures vanquished.

Notes
Turn   | Place    | Note
-------+----------+-------------------------------------------
     0 | D:1      | Leeroy the Gnoll Warper began the quest for the Orb.
     0 | D:1      | Reached XP level 1. HP: 20/20 MP: 6/6
    30 | D:1      | Reached XP level 2. HP: 22/26 MP: 7/7
   277 | D:1      | Learned a level 2 spell: Blink
   526 | D:1      | Reached skill level 5 in Spellcasting
   526 | D:1      | Reached XP level 3. HP: 31/31 MP: 7/9
   664 | D:2      | Reached skill level 1 in Invocations
   810 | D:2      | Found a glowing golden altar of the Shining One.
   827 | D:2      | Became a worshipper of the Shining One
   831 | D:2      | Noticed Jessica
   849 | D:2      | Slain by Jessica

Illustrated notes

Levels and vault maps discovered:
D:1:      lemuel_arrival_rhombus, layout_rooms
D:2:      layout_basic, basic_altar, shapermc_ecumenical_altar_flowoftime,
          uniq_jessica

Skill      XL: |  1  2  3 |
---------------+----------+-----
Spellcasting   | 5 |  5.0
Invocations    | 1 |  1.0
Fighting       | |  4.5
Short Blades   | |  0.9
Long Blades    | |  4.5
Axes           | |  0.9
Maces & Flails | |  0.9
Polearms       | |  0.9
Staves         | |  0.9
Ranged Weapons | |  0.9
Throwing       | |  2.6
Armour         | |  2.6
Dodging        | |  4.5
Stealth        | |  0.9
Shields        | |  0.9
Unarmed Combat | |  0.9
Conjurations   | |  0.6
Hexes          | |  0.6
Summonings     | |  0.6
Necromancy     | |  0.6
Translocations | |  5.4
Transmutations | |  0.6
Fire Magic     | |  0.6
Ice Magic      | |  0.6
Air Magic      | |  0.6
Earth Magic    | |  0.6
Poison Magic   | |  0.6
Evocations     | |  0.9

Action                     || total
---------------------------++-------
  Melee: Falchion          ||    81
         Bite              ||     9
         Punch             ||     2
   Cast: Blink             ||     1
   Stab: Sleeping          ||     1
 Armour: Leather armour    ||    15
  Dodge: Dodged            ||    53

Table legend: (Time is in decaauts)
 A = Elapsed time spent in this place.
 B = Non-inter-level travel time spent in this place.
 C = Inter-level travel time spent in this place.
 D = Time resting spent in this place.
 E = Time spent auto-exploring this place.
 F = Levels seen in this place.
 G = Mean time per level.
                   A        B        C        D        E       F      G
               +--------+--------+--------+--------+--------+-----+--------+
         Total |    856 |    821 |     35 |      0 |    569 |   2 |  428.0 |
       Dungeon |    856 |    821 |     35 |      0 |    569 |   2 |  428.0 |
               +--------+--------+--------+--------+--------+-----+--------+

Top non-repeatable levels by time:
     D:1: 584 daAuts
     D:2: 272 daAuts
